 Dungeon Crawl Stone Soup version 0.17.2-1-ge4368a0 (webtiles) character file.

52888 magog001 the Peltast (level 14, -3/130 HPs)
             Began as a Minotaur Fighter on Nov 30, 2016.
             Slain by an apocalypse crab (7 damage)
             ... on level 1 of the Abyss on Dec 1, 2016.
             The game lasted 02:34:23 (19830 turns).

magog001 the Peltast (Minotaur Fighter)            Turns: 19830, Time: 02:34:23

Health: -3/130     AC: 24    Str: 25      XL:     14   Next: 28%
Magic:  0/13       EV: 12    Int: 11 (12) God:
Gold:   411        SH: 17    Dex: 18      Spells: 2 memorised, 11 levels left

rFire  . . .     SeeInvis +     A - +4 scimitar
rCold  . . .     Clarity  .     k - +6 scale mail "Ucvuwn" {Regen+ Int+2 Dex+3 Slay+4}
rNeg   + . .     SustAt   +     h - +2 shield {AC+3}
rPois  +         Gourm    .     W - +1 hat
rElec  .         Spirit   +     R - +0 cloak
rCorr  .         Warding  .     U - +0 pair of gloves
rMut   .         Stasis   .     e - +1 pair of boots of Amuipumn {Dex+4}
MR     .....                    J - amulet of guardian spirit
Stlth  ..........               V - ring "Zesoewk" {SustAt rPois rN+ MR- SInv}
                                q - ring of poison resistance

@: brilliant, not resistant to hostile enchantments, extremely unstealthy
A: retaliatory headbutt, horns 2, blurry vision 1
a: no special abilities


You were on level 1 of the Abyss.
You were not hungry.

You visited 3 branches of the dungeon, and saw 16 of its levels.
You visited the Abyss 1 time.
You also visited: Trove.

You collected 2003 gold pieces.
You spent 1592 gold pieces at shops.

Inventory:

Hand Weapons
 a - a +0 blowgun
 A - a +4 scimitar (weapon)
 G - a +1 hunting sling of freezing
Missiles
 f - 5 silver tomahawks
 i - 3 sling bullets of frost
 u - 5 steel tomahawks
 w - 9 curare-tipped needles
 B - 12 javelins
 P - 72 tomahawks (quivered)
Armour
 e - the +1 pair of boots of Amuipumn (worn) {Dex+4}
   (You found it in a treasure trove)

   It affects your dexterity (+4).
 h - a +2 shield of protection (worn)
 k - the +6 scale mail "Ucvuwn" (worn) {Regen+ Int+2 Dex+3 Slay+4}
   (You found it in a treasure trove)

   It affects your intelligence (+2).
   It affects your dexterity (+3).
   It affects your accuracy and damage with ranged weapons and melee attacks
   (+4).
   It increases your rate of regeneration.
 R - a +0 cloak (worn)
 U - a +0 pair of gloves (worn)
 W - a +1 hat (worn)
Jewellery
 q - a ring of poison resistance (left hand)
 J - an amulet of guardian spirit (around neck)
 V - the ring "Zesoewk" (right hand) {SustAt rPois rN+ MR- SInv}
   (You bought it in a shop on level 2 of the Orcish Mines)

   [ring of sustain attributes]

   It sustains your strength, intelligence and dexterity.
   It protects you from poison.
   It protects you from negative energy.
   It affects your resistance to hostile enchantments.
   It lets you see invisible.
Wands
 c - a wand of magic darts (19)
 m - a wand of disintegration (21)
 o - a wand of digging (8)
 D - a wand of fire (10)
 F - a wand of slowing (13)
 L - a wand of digging (3)
 M - a wand of magic darts (24)
 O - a wand of flame (8)
Scrolls
 d - a scroll of amnesia
 j - 3 scrolls of identify
 n - 5 scrolls of remove curse
 s - 2 scrolls of teleportation
 x - a scroll of fog
 y - 2 scrolls of magic mapping
 C - 2 scrolls of fear
 H - 3 scrolls of recharging
 I - a scroll of noise {unknown}
 S - 2 scrolls of enchant armour
Potions
 g - a potion of flight {unknown}
 N - a potion of agility
Books
 Q - a book of Death

   Spells                             Type                      Level
   a - Corpse Rot                     Necromancy                   2
   b - Sublimation of Blood           Necromancy                   2
   c - Agony                          Necromancy                   5
   d - Dispel Undead                  Necromancy                   5
   e - Excruciating Wounds            Charms/Necromancy            5
   f - Bolt of Draining               Conjuration/Necromancy       5
 T - a book of Beasts

   Spells                             Type                      Level
   a - Summon Butterflies             Summoning                    1
   b - Call Canine Familiar           Summoning                    3
   c - Summon Ice Beast               Ice/Summoning                4
   d - Summon Mana Viper              Hexes/Summoning              5
   e - Summon Hydra                   Summoning                    7
Miscellaneous
 l - a plain deck of defence {drawn: 2}
Comestibles
 b - 15 fruits
 p - 8 slices of pizza
 r - 7 beef jerkies
 v - 10 bread rations
 z - 5 meat rations


   Skills:
 * Level 13.9 Fighting
   Level 7.4(11.3) Short Blades
 * Level 14.3(15.0) Long Blades
   Level 2.9 Axes
 - Level 4.6(5.4) Slings
 * Level 3.9(4.8) Throwing
 + Level 10.5 Armour
 - Level 3.1 Dodging
 - Level 0.3 Stealth
 * Level 16.0 Shields
 - Level 0.6 Evocations


You had 11 spell levels left.
You knew the following spells:

 Your Spells              Type           Power        Failure   Level  Hunger
a - Animate Skeleton      Necr           N/A          12%         1    ##.....
b - Apportation           Tloc           #.........   12%         1    ##.....


Dungeon Overview and Level Annotations

Branches:
Dungeon (11/15)            Temple (0/1) D:7            Lair (0/8) D:8
    Orc (4/4) D:11            Elf (1/3) Orc:4

Altars:
Dithmenos
Fedhas
Gozag
Kikubaaqudgha
Okawaru
Qazlal
Ru
Sif Muna
Vehumet
Xom
Yredelemnul
Zin
The Shining One
Beogh

Shops:
D:6 :![(   Orc:1 %?   Orc:2 =   Orc:4 ([?*


Innate Abilities, Weirdness & Mutations

You reflexively headbutt those who attack you in melee.
You have a pair of horns on your head.
Scrolls take you a little longer to read.


Message History

The apocalypse crab completely misses you.
A chorus of shrieks assaults your mind.
* * * LOW HITPOINT WARNING * * *
You hit the apocalypse crab but do no damage.
You headbutt the apocalypse crab.
The apocalypse crab is heavily wounded.
You block the apocalypse crab's attack. x2
Drink which item? (? for menu, Esc to quit)
It was a potion of brilliance.
You feel clever all of a sudden.
The apocalypse crab bites you but does no damage.
You block the apocalypse crab's attack.
You hit the apocalypse crab but do no damage.
You headbutt the apocalypse crab.
The apocalypse crab is heavily wounded.
You slash the apocalypse crab!
You headbutt the apocalypse crab, but do no damage.
The apocalypse crab is almost dead.
The apocalypse crab bites you!
You die...

...... ..... ... .
... .. . #..###..
# ...######...#...
........#X.......
.......@tXw.......
........#X........
##.######...#.....
.......###.. .. .
....# .... .# #.
.... . . .
.#...... ..
.###.#....... ....
.# ....


You could see 2 starcursed masses, an apocalypse crab, a large abomination and a
brain worm.

Vanquished Creatures
  A bone dragon (Abyss:1)
  A tentacled starspawn (Abyss:1)
  An angel (Abyss:1)
  A stone giant (Orc:4)
  An eidolon (Abyss:1)
  A green death (Abyss:1)
  Josephine (Orc:3)
  Harold (D:10)
  A great orb of eyes (Abyss:1)
  3 thrashing horrors (Abyss:1)
  Urug (D:11)
  5 orc high priests (Orc:4)
  Sonja (Orc:3)
  A wretched star (Abyss:1)
  A sun demon (Abyss:1)
  4 deep elf knights (Elf:1)
  3 hill giants (D:11)
  A lindwurm (shapeshifter) (Abyss:1)
  3 unseen horrors
  7 orc knights (Orc:4)
  2 deep elf conjurers (Elf:1)
  2 ugly things
  2 cyclopes
  The ghost of Goblin1989 the Slicer, a novice DsAs of Gozag (D:7)
  2 sixfirhies (Abyss:1)
  A smoke demon (Abyss:1)
  An eye of devastation (Abyss:1)
  2 trolls
  A deep elf priest (Elf:1)
  An efreet (Abyss:1)
  An ancient zyme (Abyss:1)
  A slime creature (D:10)
  A small abomination (Abyss:1)
  4 raiju (Abyss:1)
  A trapdoor spider (D:10)
  A shadow (D:11)
  A tarantella (shapeshifter) (Elf:1)
  3 wyverns
  6 deep elf magi (Elf:1)
  5 wraiths (Orc:3)
  A neqoxec (Abyss:1)
  2 ynoxinuls (Abyss:1)
  A chaos spawn (Abyss:1)
  A human (D:7)
  Grum (D:8)
  6 deep elf fighters (Elf:1)
  2 hippogriffs
  3 wolves (D:8)
  2 wargs
  5 large abominations (Abyss:1)
  A wasp (D:7)
  A black bear (D:10)
  2 phantoms
  4 ice beasts
  3 eyes of draining
  42 orc warriors
  4 sky beasts
  A crocodile (D:8)
  11 ogres
  2 centaurs
  2 gnoll sergeants (D:10)
  10 giant frogs
  17 killer bees
  2 scorpions
  8 wights
  3 crimson imps
  A giant frog zombie (D:8)
  14 starcursed masses (Abyss:1)
  45 orc priests
  3 jellies
  A giant frog skeleton (D:11)
  7 hounds
  35 orc wizards
  A quasit (D:11)
  4 centaur skeletons
  2 iron imps (Abyss:1)
  4 iguanas
  11 worker ants
  A killer bee zombie (D:8)
  4 sheep (D:7)
  A naga zombie (Abyss:1)
  2 hound skeletons
  16 gnolls
  A worker ant zombie (D:7)
  12 adders
  A river rat (D:8)
  3 shadow imps
  An ufetubus (Abyss:1)
  2 oozes
  An adder zombie (D:7)
  5 worms
  8 giant geckos
  235 orcs
  7 giant cockroaches
  11 hobgoblins
  13 jackals
  7 kobolds
  2 quokkas
  A ball python (D:8)
  10 bats
  6 giant newts
  10 goblins
  2 quokka skeletons
  10 rats
  A fungus (D:8)
  A plant (D:1)
717 creatures vanquished.

Vanquished Creatures (others)
  2 deep elf fighters (Elf:1)
  A giant frog (D:9)
  A wight (D:9)
  An adder (D:9)
  A giant gecko (D:9)
  A fungus (D:8)
  20 starspawn tentacles (Abyss:1)
  269 starspawn tentacle segments (Abyss:1)
296 creatures vanquished.

Grand Total: 1013 creatures vanquished

Notes
Turn   | Place    | Note
--------------------------------------------------------------
     0 | D:1      | magog001 the Minotaur Fighter began the quest for the Orb.
     0 | D:1      | Reached XP level 1. HP: 19/19 MP: 0/0
   120 | D:1      | Reached XP level 2. HP: 17/27 MP: 1/1
   468 | D:1      | Reached skill level 4 in Shields
   932 | D:1      | Reached XP level 3. HP: 28/33 MP: 2/2
  1580 | D:2      | Reached skill level 1 in Short Blades
  1905 | D:2      | Reached XP level 4. HP: 40/40 MP: 3/3
  2122 | D:2      | Found a sacrificial altar of Ru.
  2515 | D:3      | Reached XP level 5. HP: 18/47 MP: 4/4
  2554 | D:3      | Reached skill level 1 in Dodging
  2879 | D:3      | Reached skill level 5 in Shields
  2883 | D:3      | Reached XP level 6. HP: 7/55 MP: 5/5
  3160 | D:3      | Reached skill level 5 in Fighting
  3847 | D:4      | Reached skill level 5 in Armour
  3884 | D:4      | Found a glowing golden altar of the Shining One.
  4403 | D:4      | Reached XP level 7. HP: 58/61 MP: 6/6
  4968 | D:5      | Entered Level 5 of the Dungeon
  5098 | D:5      | Found an iron altar of Okawaru.
  5141 | D:5      | Found an opulent altar of Gozag.
  5268 | D:5      | Reached skill level 6 in Fighting
  5683 | D:5      | Reached XP level 8. HP: 70/70 MP: 7/7
  6193 | D:6      | Reached skill level 5 in Short Blades
  6499 | D:6      | Found Wuamay's Weapon Shop.
  6502 | D:6      | Bought a +1 hunting sling of freezing for 126 gold pieces
  6619 | D:6      | Found Wyojit's Antique Armour Shoppe.
  6733 | D:6      | Reached skill level 1 in Slings
  6751 | D:6      | Reached skill level 7 in Fighting
  6754 | D:6      | Found a radiant altar of Vehumet.
  6756 | D:6      | Found a deep blue altar of Sif Muna.
  6756 | D:6      | Found an ancient bone altar of Kikubaaqudgha.
  6762 | D:6      | Identified Kikubaaqudgha's Collected Works on Evil Rites
  6770 | D:6      | Identified Vehumet's Volume of Attacks
  6778 | D:6      | Identified Sif Muna's Almanac of Translocation
  6784 | D:6      | Learned a level 1 spell: Animate Skeleton
  6786 | D:6      | Learned a level 1 spell: Apportation
  6788 | D:6      | Learned a level 1 spell: Magic Dart
  6923 | D:6      | Found Zomamaamm's Distillery.
  6931 | D:6      | Bought a potion of curing for 45 gold pieces
  6934 | D:6      | Found a shadowy altar of Dithmenos.
  6941 | D:6      | Found a blossoming altar of Fedhas.
  6945 | D:6      | Found a basalt altar of Yredelemnul.
  7216 | D:6      | Found Zitutyanyo's Book Shoppe.
  7446 | D:7      | Found a staircase to the Ecumenical Temple.
  7546 | D:7      | Reached XP level 9. HP: 59/79 MP: 8/8
  7548 | D:7      | Noticed Goblin1989's ghost (novice DsAs)
  7683 | D:7      | Killed Goblin1989's ghost
  8143 | D:7      | Reached skill level 8 in Shields
  8496 | D:8      | Noticed Grum
  8506 | D:8      | Killed Grum
  8746 | D:8      | Found a staircase to the Lair.
  8842 | D:8      | Reached XP level 10. HP: 87/90 MP: 9/9
  8858 | D:8      | Reached skill level 1 in Long Blades
  8858 | D:8      | Reached skill level 9 in Shields
  8899 | D:8      | Found a blossoming altar of Fedhas.
  9119 | D:8      | Found a glowing silver altar of Zin.
  9119 | D:8      | Found an opulent altar of Gozag.
  9618 | D:9      | Found a stormy altar of Qazlal.
 10010 | D:9      | Found a shimmering altar of Xom.
 10012 | D:9      | Reached skill level 10 in Shields
 10612 | D:10     | Entered Level 10 of the Dungeon
 10687 | D:10     | Noticed a six-headed hydra
 10705 | D:10     | Noticed a cyclops
 10765 | D:10     | Noticed a green ugly thing
 10774 | D:10     | HP: 2/91 [green ugly thing (11)]
 10787 | D:10     | Killed a green ugly thing
 11071 | D:10     | Noticed Harold
 11084 | D:10     | Killed Harold
 11084 | D:10     | Reached skill level 10 in Fighting
 11084 | D:10     | Reached skill level 11 in Shields
 11349 | D:10     | Reached XP level 11. HP: 99/99 MP: 10/10
 11786 | D:10     | Killed a cyclops
 11786 | D:10     | Reached skill level 5 in Long Blades
 11797 | D:10     | Killed an unseen horror
 12260 | D:11     | Found a portal to a secret trove of treasure.
 12329 | Trove    | Entered a treasure trove
 12343 | Trove    | Got a transparent cloak
 12364 | Trove    | Identified the -2 cloak of the Hidden Vale {Dex+6} (You found it in a treasure trove)
 12442 | Trove    | Got a jewelled scale mail
 12470 | Trove    | Identified the +6 scale mail "Ucvuwn" {Regen+ Int+2 Dex+3 Slay+4} (You found it in a treasure trove)
 12484 | Trove    | Got a pair of translucent boots
 12503 | Trove    | Identified the +1 pair of boots of Amuipumn {Dex+4} (You found it in a treasure trove)
 12903 | D:11     | Noticed a hill giant
 12917 | D:11     | Killed a hill giant
 12917 | D:11     | Reached skill level 12 in Shields
 13088 | D:11     | Killed an unseen horror
 13091 | D:11     | Noticed a hill giant
 13097 | D:11     | Killed a hill giant
 13098 | D:11     | Noticed a hill giant
 13113 | D:11     | Killed a hill giant
 13368 | D:11     | Found a staircase to the Orcish Mines.
 13383 | Orc:1    | Entered Level 1 of the Orcish Mines
 13383 | Orc:1    | Found Qeij's Food Shoppe.
 13878 | Orc:1    | Found Weapadan's Magic Scroll Shop.
 13880 | Orc:1    | Noticed Urug
 13889 | Orc:1    | Reached skill level 1 in Throwing
 13935 | D:11     | Killed Urug
 14051 | Orc:1    | Bought a scroll of identify for 28 gold pieces
 14051 | Orc:1    | Bought a scroll of identify for 28 gold pieces
 14051 | Orc:1    | Bought 2 scrolls of recharging for 266 gold pieces
 14051 | Orc:1    | Bought a scroll of magic mapping for 49 gold pieces
 14051 | Orc:1    | Bought a scroll of identify for 28 gold pieces
 14051 | Orc:1    | Bought a scroll of magic mapping for 49 gold pieces
 14084 | Orc:1    | Found a roughly hewn altar of Beogh.
 14209 | Orc:1    | Bought a beef jerky for 19 gold pieces
 14209 | Orc:1    | Bought a bread ration for 65 gold pieces
 14209 | Orc:1    | Bought a royal jelly for 26 gold pieces
 14209 | Orc:1    | Bought a fruit for 19 gold pieces
 14209 | Orc:1    | Bought a beef jerky for 19 gold pieces
 14209 | Orc:1    | Bought a meat ration for 65 gold pieces
 14209 | Orc:1    | Bought 2 fruits for 39 gold pieces
 14216 | Orc:2    | Found Doacuot's Jewellery Shoppe.
 14272 | Orc:2    | Reached XP level 12. HP: 110/110 MP: 11/11
 15180 | Orc:3    | Noticed Josephine
 15196 | Orc:3    | Killed Josephine
 15196 | Orc:3    | Reached skill level 13 in Shields
 15233 | Orc:3    | Noticed Sonja
 15244 | Orc:3    | Killed Sonja
 15713 | Orc:3    | Reached skill level 10 in Long Blades
 15962 | Orc:2    | Bought the ring "Zesoewk" {SustAt rPois rN+ MR- SInv} for 427 gold pieces
 16023 | Orc:4    | Entered Level 4 of the Orcish Mines
 16264 | Orc:4    | Found a staircase to the Elven Halls.
 16702 | Orc:4    | Noticed a stone giant
 16713 | Orc:4    | Killed a stone giant
 16909 | Orc:4    | Reached skill level 10 in Armour
 17112 | Orc:4    | Reached skill level 14 in Shields
 17113 | Orc:4    | HP: 5/112 [cloud of flame (10)]
 17114 | Orc:4    | HP: 1/112 [cloud of flame (5)]
 17413 | Orc:4    | Reached XP level 13. HP: 108/119 MP: 12/12
 17531 | Orc:4    | HP: 1/119 [orc priest/divine providence (14)]
 17540 | Orc:4    | HP: 1/119 [orc priest/divine providence (7)]
 17822 | Orc:4    | Found Giefaz's Magic Scroll Emporium.
 17823 | Orc:4    | Found Katumagu's Armour Shoppe.
 17823 | Orc:4    | Found Bohac's Weapon Emporium.
 17824 | Orc:4    | Found Kaih Fep's Assorted Antiques.
 17870 | Orc:4    | Bought a scroll of magic mapping for 49 gold pieces
 17870 | Orc:4    | Bought a scroll of identify for 28 gold pieces
 17870 | Orc:4    | Bought a scroll of enchant weapon for 105 gold pieces
 17870 | Orc:4    | Bought a scroll of teleportation for 42 gold pieces
 17870 | Orc:4    | Bought a scroll of teleportation for 42 gold pieces
 17870 | Orc:4    | Bought a scroll of fog for 28 gold pieces
 18043 | Elf:1    | Entered Level 1 of the Elven Halls
 18252 | Elf:1    | Reached skill level 15 in Shields
 18741 | Elf:1    | Noticed a deep elf demonologist
 18764 | Elf:1    | Noticed a deep elf demonologist
 18772 | Elf:1    | Noticed a cacodemon
 18772 | Elf:1    | Cast into the Abyss (a deep elf demonologist)
 18779 | Abyss:1  | Found a corrupted altar of Lugonu.
 18911 | Abyss:1  | Noticed a starcursed mass
 18945 | Abyss:1  | Gained mutation: Scrolls take you a little longer to read. [a neqoxec]
 18958 | Abyss:1  | Killed a starcursed mass
 18970 | Abyss:1  | Noticed a starcursed mass
 18997 | Abyss:1  | Killed a starcursed mass
 19003 | Abyss:1  | Killed a starcursed mass
 19004 | Abyss:1  | Killed a starcursed mass
 19004 | Abyss:1  | Killed a starcursed mass
 19005 | Abyss:1  | Killed a starcursed mass
 19006 | Abyss:1  | Killed a starcursed mass
 19196 | Abyss:1  | Found a corrupted altar of Lugonu.
 19224 | Abyss:1  | Noticed an angel
 19253 | Abyss:1  | Killed an angel
 19270 | Abyss:1  | Noticed a starcursed mass
 19287 | Abyss:1  | Killed a starcursed mass
 19291 | Abyss:1  | Killed a starcursed mass
 19293 | Abyss:1  | Killed a starcursed mass
 19299 | Abyss:1  | Killed a starcursed mass
 19317 | Abyss:1  | Killed a starcursed mass
 19321 | Abyss:1  | Killed a starcursed mass
 19441 | Abyss:1  | Noticed a tentacled starspawn
 19484 | Abyss:1  | HP: 6/122 [green death (7)]
 19490 | Abyss:1  | Reached XP level 14. HP: 7/129 MP: 4/13
 19693 | Abyss:1  | Noticed a bone dragon
 19719 | Abyss:1  | Killed a bone dragon
 19813 | Abyss:1  | Reached skill level 16 in Shields
 19818 | Abyss:1  | HP: 1/130 [starcursed mass (7)]
 19824 | Abyss:1  | Killed a tentacled starspawn
 19826 | Abyss:1  | HP: 2/130 [starcursed mass/accursed screaming (4)]
 19830 | Abyss:1  | Slain by an apocalypse crab

Action                   |  1- 3 |  4- 6 |  7- 9 | 10-12 | 13-15 || total
-------------------------+-------+-------+-------+-------+-------++-------
Melee: War axe           |   105 |       |       |       |       ||   105
       Short sword       |    30 |   214 |   376 |     5 |       ||   625
       Scimitar          |       |       |     9 |   954 |   417 ||  1380
 Fire: Hunting sling     |       |       |    52 |     3 |       ||    55
Throw: Javelin           |       |       |     8 |    22 |       ||    30
       Tomahawk          |       |       |       |    22 |    12 ||    34
Evoke: Wand              |       |       |     7 |    21 |       ||    28
       Deck              |       |       |       |       |     2 ||     2
  Use: Scroll            |     4 |     4 |    11 |    18 |     3 ||    40
       Potion            |       |     3 |     2 |    19 |     4 ||    28
 Stab: Paralysed         |       |     1 |       |       |       ||     1
  Eat: Chunk             |     1 |     2 |     8 |    19 |     3 ||    33
       Bread ration      |     1 |     1 |       |       |       ||     2
       Meat ration       |       |       |     1 |     1 |     1 ||     3
       Fruit             |       |       |     1 |     2 |       ||     3
       Pizza             |       |       |       |     1 |       ||     1
       Royal jelly       |       |       |       |     1 |     1 ||     2
